AoeStats
← Jaune China

Golden Pit

507443482Analyzed
1v1 RM · 13d ago on Sep 18, 2026· 29m 48s· 2 players
Game mode
Random Map
Map size
Tiny (2 player)
Population
200
Speed
Normal
Resources
Standard
Victory
Conquest
Starting age
Dark Age
Ending age
Imperial Age
RankedLock teamsTeams togetherTeam positionsShared explorationLock speedFull tech treeHidden civsTurbo modeCheats
Victory
Defeat
🇫🇷 Bulgarians · France
822
+21
🇫🇷 Koreans · France
810
-15
bap
10:19 Feudal Age
10:02 Loom
13:32 Fletching
23:12 Castle Age
21:20 Double-Bit Axe
27:08 Bodkin Arrow
29:33 Forging
Jaune China
7:01 Loom
10:04 Feudal Age
13:04 Double-Bit Axe
16:30 Horse Collar
21:18 Castle Age
20:44 Scale Barding Armor
20:50 Forging
25:37 Gold Mining
Connection lost

Rejoining the realm…

Still unreachable

The connection could not be restored.

Session expired

The server has moved on; the page needs a fresh start.